[ AOE2 MATCH · #504729355 ]
UnrankedWei vs Bulgarians
Player's team · WIN
Rival team · LOSS
[ REPLAY ANALYSIS · EXTRACTED FROM THE RECORDED GAME ]
Feudal
12:29
Castle
—
Imperial
—
| APM avg | 53.9 |
| APM peak | 96 |
| eAPM avg | 16.2 |
| Villagers / military | 20 / 0 |
Focus
⚔️ 21.0% · 🌾 79.0%
Feudal
—
Castle
—
Imperial
—
| APM avg | 57.1 |
| APM peak | 146 |
| eAPM avg | 19.9 |
| Villagers / military | 23 / 0 |
Focus
⚔️ 17.5% · 🌾 82.5%
Match map
Initial resources + every placement click. Lines = walls · curves = elevation contours. ◆ gold · ⬟ stone · ● berries · ✦ relic · ◌ wall gap
Your base· Open — unwalled flank
Šteuko's base· Open — unwalled flank
Smoothed initial terrain · ◌ = detected wall gap · hover for details
Inputs per minute
— J_ - - Šteuko
Build order — J_
37 actions detected in the replay
| 0:21 | Build | Town Center |
| 2:28 | Queue | Villager (Male) |
| 2:28 | Queue | Villager (Male) |
| 2:30 | Queue | Villager (Male) |
| 2:37 | Queue | Villager (Male) |
| 3:21 | Build | House |
| 3:23 | Research | Loom |
| 3:47 | Queue | Villager (Male) |
| 3:47 | Queue | Villager (Male) |
| 3:51 | Queue | Villager (Male) |
| 4:17 | Queue | Villager (Male) |
| 5:13 | Queue | Villager (Male) |
| 5:13 | Queue | Villager (Male) |
| 5:15 | Build | House |
| 5:58 | Queue | Villager (Male) |
| 6:00 | Queue | Villager (Male) |
| 6:24 | Build | Lumber Camp |
| 6:26 | Queue | Villager (Male) |
| 7:10 | Queue | Villager (Male) |
| 7:15 | Build | House |
| 7:49 | Queue | Villager (Male) |
| 8:21 | Queue | Villager (Male) |
| 8:30 | Build | Mining Camp |
| 8:35 | Build | Mining Camp |
| 8:44 | Queue | Villager (Male) |
| 9:16 | Queue | Villager (Male) |
| 9:42 | Queue | Villager (Male) |
| 10:19 | Research | Feudal Age |
| 11:03 | Build | Barracks |
| 11:43 | Build | House |
| 12:12 | Build | Palisade Wall |
| 12:14 | Build | House |
| 12:15 | Build | Palisade Wall |
| 12:24 | Queue | Villager (Male) |
| 12:29 | Age | Feudal Age |
| 12:32 | Build | Archery Range |
| 12:33 | Research | Double-Bit Axe |
Build order — Šteuko
38 actions detected in the replay
| 0:27 | Build | Town Center |
| 1:00 | Build | House |
| 2:23 | Queue | Villager (Male) |
| 2:23 | Queue | Villager (Male) |
| 2:24 | Queue | Villager (Male) |
| 2:29 | Queue | Villager (Male) |
| 3:29 | Build | House |
| 3:43 | Build | House |
| 4:00 | Research | Loom |
| 4:38 | Queue | Villager (Male) |
| 4:39 | Queue | Villager (Male) |
| 5:10 | Build | Mill |
| 5:46 | Queue | Villager (Male) |
| 6:12 | Queue | Villager (Male) |
| 6:39 | Queue | Villager (Male) |
| 6:59 | Queue | Villager (Male) |
| 7:17 | Queue | Villager (Male) |
| 7:33 | Queue | Villager (Male) |
| 7:52 | Queue | Villager (Male) |
| 8:12 | Queue | Villager (Male) |
| 8:14 | Queue | Villager (Male) |
| 8:31 | Build | Mining Camp |
| 8:34 | Queue | Villager (Male) |
| 8:45 | Queue | Villager (Male) |
| 9:27 | Build | House |
| 9:32 | Build | Mill |
| 9:46 | Queue | Villager (Male) |
| 9:52 | Build | House |
| 9:57 | Queue | Villager (Male) |
| 10:00 | Queue | Villager (Male) |
| 10:08 | Queue | Villager (Male) |
| 10:16 | Queue | Villager (Male) |
| 10:36 | Build | House |
| 10:51 | Build | Farm |
| 11:25 | Build | Farm |
| 12:01 | Build | Farm |
| 12:15 | Build | Farm |
| 12:26 | Queue | Villager (Male) |
Match timeline
| 11:03 | J_ · first_building Barracks |
| 12:12 | J_ · wall_segment Palisade Wall x1 |
| 12:15 | J_ · wall_segment Palisade Wall x1 |
| 12:29 | J_ · age_up feudal |
| 12:32 | J_ · first_building Archery Range |
| 12:37 | Šteuko · resign |
[ AI ANALYSIS · 1 CREDIT ]
What really happened in this match?
Wolo.gg analyzes every decision: build order, eco, micro, common mistakes by bracket. Personalized analysis on WhatsApp or Discord in 30 seconds.
Civ guide
Wei
Perfil
Jugador #14482502